[Event "Slovakian ECo-C Extraliga 2024-25"]
[Site "Slovakia"]
[Date "2025.02.16"]
[Round "6"]
[White "Sahidi, Samir"]
[Black "Stalmach, Richard"]
[Result "1-0"]
[Annotator "ChessBase"]
[ECO "D37"]
[WhiteElo "2497"]
[BlackElo "2455"]
[PlyCount "81"]
[EventDate "2024.09.12"]
[EventType "team-tourn"]
[EventCountry "SVK"]
[SourceTitle "playchess.com"]
[Source "ChessBase"]
[SourceQuality "1"]
[TimeControl "5400+30"]

1. Nf3 d5 2. d4 Nf6 3. c4 e6 4. Nc3 Nbd7 5. Bg5 Bb4 6. e3 c5 7. cxd5 exd5 8. Bd3 Qa5 9. O-O c4 10. Bf5 O-O 11. Qc2 Re8 12. a3 Bxc3 13. Qxc3 Qa6 14. Rfc1 h6 15. Bh4 Nf8 16. Bc2 g5 17. Bg3 Be6 18. h4 g4 19. Nd2 Rac8 20. e4 Ng6 21. Re1 Qb6 22. Re2 Nh5 23. Rae1 Ngf4 24. Re3 Red8 25. Nf1 Nd3 26. exd5 Bf5 27. d6 Bg6 28. d7 Rc6 29. Re8+ Kh7 30. d5 Rf6 31. Bxd3 Bxd3 32. Rxd8 Qxd8 33. Qe5 Bf5 34. Ne3 Qxd7 35. Nxc4 Bg6 36. Qd4 Ra6 37. Ne5 Qa4 38. Qxa4 Rxa4 39. Rd1 Bf5 40. d6 Re4 41. d7 1-0

[Event "Slovakian ECo-C Extraliga 2024-25"]
[Site "Slovakia"]
[Date "2025.02.16"]
[Round "6"]
[White "Piesik, Piotr"]
[Black "Bochnicka, Vladimir"]
[Result "1-0"]
[Annotator "ChessBase"]
[ECO "D32"]
[WhiteElo "2422"]
[BlackElo "2348"]
[PlyCount "115"]
[EventDate "2024.09.12"]
[EventType "team-tourn"]
[EventCountry "SVK"]
[SourceTitle "playchess.com"]
[Source "ChessBase"]
[SourceQuality "1"]
[TimeControl "5400+30"]

1. d4 d5 2. c4 e6 3. Nc3 c5 4. cxd5 cxd4 5. Qa4+ Bd7 6. Qxd4 exd5 7. Qxd5 Nf6 8. Qd1 Bc5 9. Nf3 O-O 10. a3 Qc7 11. Bg5 Qb6 12. e3 Qxb2 13. Bxf6 gxf6 14. Nd5 Ba4 15. Qb1 Qxb1+ 16. Rxb1 Nd7 17. Rxb7 Rfd8 18. Bb5 Bxb5 19. Rxb5 Rab8 20. Rxb8 Rxb8 21. Ke2 Rb2+ 22. Nd2 Bxa3 23. Ra1 Bc5 24. f4 Kg7 25. Kd3 Nb6 26. Nxb6 Bxb6 27. Kc3 Rb5 28. Nc4 Bc5 29. e4 Rb7 30. Kc2 Re7 31. Ra5 Bb6 32. Nxb6 axb6 33. Ra4 f5 34. e5 f6 35. exf6+ Kxf6 36. Kd3 Rd7+ 37. Ke3 Re7+ 38. Kf3 Rc7 39. Rb4 Rc3+ 40. Kf2 Rc6 41. Rb5 Re6 42. Kg3 Kg6 43. Kh4 Rf6 44. h3 Kh6 45. Rb4 Kg6 46. g4 h6 47. Kg3 Rc6 48. Rb5 fxg4 49. hxg4 Kf6 50. Kh4 Kg6 51. Rd5 Kf6 52. Rd7 Kg6 53. f5+ Kf6 54. Kh5 Ke5 55. Rh7 b5 56. Rb7 Rc5 57. Kxh6 Kf4 58. f6 1-0

[Event "Slovakian ECo-C Extraliga 2024-25"]
[Site "Slovakia"]
[Date "2025.02.16"]
[Round "6"]
[White "Jurcik, Martin"]
[Black "Rak, Martin"]
[Result "1/2-1/2"]
[Annotator "ChessBase"]
[ECO "C11"]
[WhiteElo "2349"]
[BlackElo "2064"]
[PlyCount "51"]
[EventDate "2024.09.12"]
[EventType "team-tourn"]
[EventCountry "SVK"]
[SourceTitle "playchess.com"]
[Source "ChessBase"]
[SourceQuality "1"]
[TimeControl "5400+30"]

1. e4 e6 2. d4 d5 3. Nc3 Nf6 4. e5 Nfd7 5. Nce2 c5 6. c3 Nc6 7. Nf3 a5 8. Nf4 a4 9. a3 Qa5 10. Be3 cxd4 11. Bxd4 Nxd4 12. Qxd4 Nc5 13. Nd2 Bd7 14. Be2 Bb5 15. O-O Rd8 16. Qb4 Qxb4 17. axb4 Bxe2 18. Nxe2 Nd3 19. Rxa4 Nxe5 20. Ra7 Rb8 21. Nd4 Kd7 22. f4 Nc6 23. Nxc6 Kxc6 24. Nf3 Kb6 25. Raa1 Bd6 26. Nd4 1/2-1/2

[Event "Slovakian ECo-C Extraliga 2024-25"]
[Site "Slovakia"]
[Date "2025.02.16"]
[Round "6"]
[White "Delgerdalai, Bayarjavkhlan"]
[Black "Jakab, Bela"]
[Result "1-0"]
[Annotator "ChessBase"]
[ECO "C18"]
[WhiteElo "2321"]
[BlackElo "2345"]
[PlyCount "111"]
[EventDate "2024.09.12"]
[EventType "team-tourn"]
[EventCountry "SVK"]
[SourceTitle "playchess.com"]
[Source "ChessBase"]
[SourceQuality "1"]
[TimeControl "5400+30"]

1. e4 e6 2. d4 d5 3. Nc3 Bb4 4. e5 Ne7 5. a3 Bxc3+ 6. bxc3 c5 7. h4 Nbc6 8. h5 h6 9. Qg4 Nf5 10. Nf3 Qa5 11. Bd2 c4 12. a4 Bd7 13. Nh4 Nce7 14. Nxf5 Nxf5 15. Qf3 Rf8 16. g4 Ne7 17. Bh3 O-O-O 18. Qe3 f6 19. exf6 gxf6 20. Qxh6 e5 21. Kf1 Nc6 22. Kg2 Rg8 23. g5 fxg5 24. Bxd7+ Rxd7 25. Qe6 Rf8 26. dxe5 Nd4 27. Qg4 Nf3 28. e6 Re7 29. Bxg5 Nxg5 30. Qxg5 Qxc3 31. Rh3 Rg7 32. Rxc3 Rxg5+ 33. Rg3 Rxh5 34. Re1 Kc7 35. Rg7+ Kc6 36. f4 d4 37. Kg3 Rd5 38. e7 Re8 39. Kg4 d3 40. cxd3 cxd3 41. f5 d2 42. Rd1 Kd6 43. f6 Rc8 44. Rf7 Rc4+ 45. Kf3 Rf5+ 46. Ke3 Re5+ 47. Kd3 Kc5 48. Rxd2 Rce4 49. Rf8 Kb4 50. Rc8 Kb3 51. Rc3+ Kb4 52. Rb2+ Kxa4 53. Rc4+ Rxc4 54. Kxc4 b5+ 55. Rxb5 Re6 56. Rb7 1-0

[Event "Slovakian ECo-C Extraliga 2024-25"]
[Site "Slovakia"]
[Date "2025.02.16"]
[Round "6"]
[White "Ongut, Tamas Gunes"]
[Black "Babula ml, Vlasimil"]
[Result "1/2-1/2"]
[Annotator "ChessBase"]
[ECO "B22"]
[WhiteElo "2272"]
[BlackElo "2353"]
[PlyCount "142"]
[EventDate "2024.09.12"]
[EventType "team-tourn"]
[EventCountry "SVK"]
[SourceTitle "playchess.com"]
[Source "ChessBase"]
[SourceQuality "1"]
[TimeControl "5400+30"]

1. e4 c5 2. Nf3 e6 3. c3 Nf6 4. e5 Nd5 5. a3 d6 6. d4 cxd4 7. c4 Nb6 8. Qxd4 Nc6 9. Qc3 dxe5 10. Nxe5 Nxe5 11. Qxe5 Nd7 12. Qg3 g6 13. Bd2 Bg7 14. Bc3 e5 15. Nd2 O-O 16. Be2 Nc5 17. O-O a5 18. Rad1 Na4 19. Bxe5 Nxb2 20. Bxg7 Kxg7 21. Qc3+ Qf6 22. Qxf6+ Kxf6 23. Ne4+ Kg7 24. Rd6 Bf5 25. Ng3 Be6 26. Rb1 Nxc4 27. Rxe6 fxe6 28. Rxb7+ Rf7 29. Rxf7+ Kxf7 30. Bxc4 Rc8 31. Ne4 Ke7 32. Nd2 Rd8 33. Nf1 a4 34. Bb5 Rd1 35. Bxa4 Ra1 36. Bc2 Rxa3 37. h4 Ra1 38. g3 Rc1 39. Be4 Re1 40. f3 Re2 41. Nh2 Ra2 42. Ng4 Rb2 43. Ne5 Kf6 44. f4 Ra2 45. Bd3 Rb2 46. Kf1 Ra2 47. Be2 Rb2 48. Kf2 Ra2 49. Kf3 Ra3+ 50. Bd3 Ra2 51. g4 Rb2 52. g5+ Kg7 53. Bc4 Rb6 54. Kg4 Rd6 55. h5 gxh5+ 56. Kxh5 Rb6 57. Kg4 Rd6 58. Bd3 Rb6 59. Kf3 h6 60. g6 Rd6 61. Kg4 Rb6 62. Bc4 Rd6 63. Bb5 Rd8 64. Bd7 Kf6 65. Kh5 Rf8 66. Bxe6 Kxe6 67. g7 Rg8 68. Kxh6 Kf6 69. Nd7+ Kf5 70. Kh7 Rxg7+ 71. Kxg7 Kxf4 1/2-1/2

[Event "Slovakian ECo-C Extraliga 2024-25"]
[Site "Slovakia"]
[Date "2025.02.16"]
[Round "6"]
[White "Rohacek, Miroslav"]
[Black "Jurcik, Marian"]
[Result "1/2-1/2"]
[Annotator "ChessBase"]
[ECO "D25"]
[WhiteElo "2222"]
[BlackElo "2411"]
[PlyCount "112"]
[EventDate "2024.09.12"]
[EventType "team-tourn"]
[EventCountry "SVK"]
[SourceTitle "playchess.com"]
[Source "ChessBase"]
[SourceQuality "1"]
[TimeControl "5400+30"]

1. d4 d5 2. Nf3 Nf6 3. c4 dxc4 4. e3 Bg4 5. Bxc4 e6 6. O-O a6 7. Nbd2 Nbd7 8. Be2 c5 9. b3 Be7 10. Bb2 O-O 11. Nc4 Rc8 12. Nfe5 Bxe2 13. Qxe2 b5 14. Nxd7 Nxd7 15. Nd2 Bf6 16. Ne4 c4 17. Rfc1 cxb3 18. axb3 Qb6 19. Nc5 Nxc5 20. dxc5 Rxc5 21. Rxc5 Qxc5 22. Rxa6 Rc8 23. h3 Bxb2 24. Qxb2 h6 25. Ra1 Qc3 26. Qb1 g6 27. Qd1 Qb2 28. Rb1 Qc2 29. Qe1 b4 30. Ra1 Rc3 31. Ra8+ Kg7 32. Rb8 Qb2 33. Kh2 Rxb3 34. Rb5 Rc3 35. Kg3 Rc4 36. Qd1 h5 37. Qd3 h4+ 38. Kh2 Qc3 39. Qd6 b3 40. Rb8 Kh7 41. Qf8 Qg7 42. Qxg7+ Kxg7 43. Rxb3 Rc2 44. f3 g5 45. e4 Rc7 46. Rb5 Kg6 47. Ra5 Rc6 48. Rb5 f6 49. Ra5 e5 50. Rb5 Kf7 51. Ra5 Ke6 52. Rb5 Kd6 53. Ra5 Rb6 54. Rd5+ Kc7 55. Ra5 Kc6 56. Kg1 Kd6 1/2-1/2

[Event "Slovakian ECo-C Extraliga 2024-25"]
[Site "Slovakia"]
[Date "2025.02.16"]
[Round "6"]
[White "Molnar, Erno"]
[Black "Cajka, Tibor"]
[Result "1/2-1/2"]
[Annotator "ChessBase"]
[ECO "B33"]
[WhiteElo "2208"]
[BlackElo "2227"]
[PlyCount "52"]
[EventDate "2024.09.12"]
[EventType "team-tourn"]
[EventCountry "SVK"]
[SourceTitle "playchess.com"]
[Source "ChessBase"]
[SourceQuality "1"]
[TimeControl "5400+30"]

1. e4 c5 2. Nf3 Nc6 3. d4 cxd4 4. Nxd4 Nf6 5. Nc3 e5 6. Ndb5 d6 7. Nd5 Nxd5 8. exd5 Nb8 9. a4 Be7 10. Bd2 O-O 11. a5 f5 12. Be2 f4 13. O-O a6 14. Nc3 Bf5 15. Bg4 Qc8 16. Bxf5 Qxf5 17. f3 Nd7 18. Ne4 Rac8 19. Rc1 Nf6 20. Nxf6+ Rxf6 21. c4 Qd3 22. b3 Qd4+ 23. Kh1 g5 24. Be1 Qxd1 25. Rxd1 Rf7 26. Bf2 Bd8 1/2-1/2

[Event "Slovakian ECo-C Extraliga 2024-25"]
[Site "Slovakia"]
[Date "2025.02.16"]
[Round "6"]
[White "Balogh, Peter"]
[Black "Ocko, Martin"]
[Result "0-1"]
[Annotator "ChessBase"]
[ECO "B35"]
[WhiteElo "2198"]
[BlackElo "2052"]
[PlyCount "68"]
[EventDate "2024.09.12"]
[EventType "team-tourn"]
[EventCountry "SVK"]
[SourceTitle "playchess.com"]
[Source "ChessBase"]
[SourceQuality "1"]
[TimeControl "5400+30"]

1. e4 c5 2. Nf3 Nc6 3. Nc3 g6 4. d4 cxd4 5. Nxd4 Bg7 6. Be3 Nf6 7. Bc4 Qa5 8. O-O O-O 9. h3 d6 10. Bb3 Qh5 11. Nd5 Qxd1 12. Raxd1 Nxd5 13. exd5 Na5 14. Rfe1 Nxb3 15. cxb3 Bf6 16. Rc1 a6 17. g4 e5 18. Nf3 Bd8 19. Nd2 Ba5 20. a3 f5 21. b4 Bd8 22. Nc4 fxg4 23. Nxd6 Bh4 24. hxg4 Bxg4 25. Rc4 h5 26. Nxb7 Rf3 27. d6 Raf8 28. d7 Rh3 29. Rxg4 hxg4 30. Bb6 g3 31. d8=Q gxf2+ 32. Bxf2 Bxf2+ 33. Kg2 Rg3+ 34. Kh2 Rxd8 0-1

[Event "Slovakian ECo-C Extraliga 2024-25"]
[Site "Slovakia"]
[Date "2025.02.16"]
[Round "6"]
[White "Terbe, Zsuzsanna"]
[Black "Skreko, Igor"]
[Result "1-0"]
[Annotator "ChessBase"]
[ECO "E73"]
[WhiteElo "2165"]
[BlackElo "2261"]
[PlyCount "213"]
[EventDate "2024.09.12"]
[EventType "team-tourn"]
[EventCountry "SVK"]
[SourceTitle "playchess.com"]
[Source "ChessBase"]
[SourceQuality "1"]
[TimeControl "5400+30"]

1. d4 Nf6 2. c4 g6 3. Nc3 Bg7 4. e4 d6 5. Be2 O-O 6. Bg5 Na6 7. Qd2 e5 8. d5 Qe8 9. f3 Nh5 10. Bd1 f5 11. Nge2 Nf4 12. Nxf4 exf4 13. O-O Qe5 14. Bxf4 Qd4+ 15. Be3 Qxd2 16. Bxd2 fxe4 17. f4 Bd4+ 18. Kh1 Nc5 19. Nb5 Bxb2 20. Rb1 Bg7 21. Nxc7 Rb8 22. Be3 Bd7 23. Bc2 Rfc8 24. Bxc5 dxc5 25. Ne6 Bxe6 26. dxe6 e3 27. Rfe1 Bd4 28. Be4 Rc7 29. a4 b6 30. g3 Kg7 31. Kg2 Kf6 32. Bd5 a6 33. Kf3 b5 34. axb5 axb5 35. Rxb5 Rxb5 36. cxb5 c4 37. Rc1 c3 38. Ke4 Bb6 39. Bc6 Kxe6 40. Kd3 Ra7 41. Rxc3 Ra2 42. Rc2 Ra3+ 43. Ke2 Rb3 44. Kf3 Rb1 45. Ke2 Rb3 46. Ra2 Kd6 47. h4 Bc5 48. Rc2 Bb6 49. Ra2 Rb1 50. Rc2 Bd4 51. Kd3 Bc5 52. Ke2 Rb3 53. Be8 Bd4 54. Bc6 Bb6 55. Ra2 Ke7 56. Rc2 Kf6 57. Ra2 Ke6 58. Rc2 Rb1 59. Ra2 Kf5 60. Bd7+ Ke4 61. Ra4+ Kd5 62. Bc6+ Kd6 63. Ra2 Ke6 64. Rc2 Kf5 65. Bd7+ Ke4 66. Rc4+ Kd5 67. Be6+ Kxe6 68. Rc6+ Kf5 69. Rxb6 Rb3 70. Rb7 h5 71. Rb6 Ke4 72. Re6+ Kd4 73. Rd6+ Ke4 74. Re6+ Kd4 75. Kf3 e2+ 76. Kxe2 Rxg3 77. b6 Rb3 78. Rxg6 Ke4 79. Rf6 Rb2+ 80. Kd1 Kd3 81. Kc1 Rb4 82. Rd6+ Ke4 83. Kc2 Kxf4 84. Kc3 Rb1 85. Rd4+ Ke5 86. Rb4 Rc1+ 87. Kd3 Rc8 88. Rb5+ Kd6 89. Rxh5 Kc6 90. Rh6+ Kb7 91. Kd4 Rc1 92. Kd5 Rd1+ 93. Ke5 Re1+ 94. Kf5 Rf1+ 95. Kg5 Rc1 96. Rg6 Rc5+ 97. Kh6 Rd5 98. h5 Rc5 99. Rf6 Rc1 100. Kh7 Rg1 101. h6 Rg2 102. Rg6 Rd2 103. Kh8 Rd8+ 104. Rg8 Rd1 105. h7 Kxb6 106. Kg7 Rg1+ 107. Kf6 1-0

[Event "Slovakian ECo-C Extraliga 2024-25"]
[Site "Slovakia"]
[Date "2025.02.16"]
[Round "6"]
[White "Karas, Marek"]
[Black "Borosova, Zuzana"]
[Result "1/2-1/2"]
[Annotator "ChessBase"]
[ECO "A45"]
[WhiteElo "2160"]
[BlackElo "2190"]
[PlyCount "179"]
[EventDate "2024.09.12"]
[EventType "team-tourn"]
[EventCountry "SVK"]
[SourceTitle "playchess.com"]
[Source "ChessBase"]
[SourceQuality "1"]
[TimeControl "5400+30"]

1. d4 Nf6 2. Bg5 Ne4 3. Bf4 d5 4. f3 Nf6 5. e4 e6 6. Nc3 c6 7. a3 Qb6 8. Rb1 c5 9. Nb5 Na6 10. e5 Nd7 11. c3 Nc7 12. Nxc7+ Qxc7 13. Qd2 Nb6 14. Be3 Bd7 15. Bd3 c4 16. Be2 Na4 17. Nh3 Be7 18. O-O b5 19. Bg5 Bc6 20. f4 g6 21. Nf2 h5 22. Nh3 O-O-O 23. Qe1 Rd7 24. Bxe7 Rxe7 25. Qh4 Qd8 26. Ng5 Rb7 27. Qh3 Qe8 28. Bd1 Kb8 29. Qe3 Qe7 30. Bxa4 bxa4 31. g3 Ka8 32. Rf2 Rhb8 33. Kg2 Rb3 34. Qc1 Qb7 35. f5 gxf5 36. Qd1 Be8 37. Nh7 f6 38. Nxf6 Bg6 39. Qc2 Qf7 40. Rf4 Qb7 41. Rf2 Qg7 42. Rf4 R8b7 43. Kh3 Qh6 44. Qg2 a6 45. Qc2 Ka7 46. Kg2 Qg5 47. h4 Qh6 48. Kh3 Qg7 49. Kh2 R7b5 50. Kg2 Kb8 51. Kh2 Kc8 52. Kg2 Qh6 53. Kh2 Rb7 54. Kg2 R7b6 55. Kh2 Qg7 56. Kg2 Kd8 57. Kh2 Rb7 58. Kg2 Qh6 59. Kh2 Rg7 60. Ra1 Ke7 61. Ra2 Kf8 62. Qd2 Rf7 63. Rf2 Qxd2 64. Rxd2 Rg7 65. Rf2 Rgb7 66. Kg2 Kg7 67. Kf3 Kh6 68. Kf4 Rg7 69. Ra1 Rb8 70. Rd1 Be8 71. Rg1 Bc6 72. Rgg2 Rg6 73. Kf3 Rb7 74. Rd2 Rbg7 75. Rdf2 Rf7 76. Kf4 Rb7 77. Rd2 Rgg7 78. Rdf2 Rb8 79. Rd2 Kg6 80. Rdf2 Rf7 81. Rd2 Rfb7 82. Rdf2 Rf8 83. Rd2 Rg7 84. Rdf2 Kh6 85. Ke3 Rff7 86. Kf4 Kg6 87. Ke3 Kh6 88. Rd2 Kg6 89. Rdf2 Kh6 90. Rd2 1/2-1/2

[Event "Slovakian ECo-C Extraliga 2024-25"]
[Site "Slovakia"]
[Date "2025.02.16"]
[Round "6"]
[White "Kubala, Jan"]
[Black "Meszaros, Casey Ryan"]
[Result "0-1"]
[Annotator "NA"]
[ECO "C72"]
[WhiteElo "2112"]
[BlackElo "2003"]
[PlyCount "50"]
[EventDate "2024.09.12"]
[EventType "team-tourn"]
[EventCountry "SVK"]
[SourceTitle "playchess.com"]
[Source "ChessBase"]
[SourceQuality "1"]
[TimeControl "5400+30"]

1. e4 e5 2. Nf3 Nc6 3. Bb5 a6 4. Ba4 d6 5. O-O Bg4 6. c3 Qf6 7. d3 Nge7 8. Be3 Bxf3 9. Qxf3 Qxf3 10. gxf3 O-O-O 11. Rd1 f5 12. f4 d5 13. Bxc6 Nxc6 14. exf5 d4 15. cxd4 exd4 16. Bd2 Bd6 17. f6 Rdf8 18. fxg7 Rhg8 19. Na3 Rxg7+ 20. Kh1 Rgf7 21. Kg2 Bxf4 22. Bxf4 Rxf4 23. Rd2 Ne5 24. Nc2 Nf3 25. Re2 Rg4+ 0-1

[Event "Slovakian ECo-C Extraliga 2024-25"]
[Site "Slovakia"]
[Date "2025.02.16"]
[Round "6"]
[White "Jozefek, Michal"]
[Black "Sarkozi, Szabolcs"]
[Result "1-0"]
[Annotator "NA"]
[ECO "A96"]
[WhiteElo "2099"]
[BlackElo "2102"]
[PlyCount "57"]
[EventDate "2024.09.12"]
[EventType "team-tourn"]
[EventCountry "SVK"]
[SourceTitle "playchess.com"]
[Source "ChessBase"]
[SourceQuality "1"]
[TimeControl "5400+30"]

1. d4 f5 2. g3 Nf6 3. Bg2 e6 4. Nf3 Be7 5. c4 d6 6. Nc3 O-O 7. O-O a5 8. Re1 Ne4 9. Qd3 Nxc3 10. Qxc3 Bf6 11. e4 fxe4 12. Rxe4 c5 13. Qc2 cxd4 14. Nxd4 e5 15. Nb5 Bf5 16. Be3 Nc6 17. Rd1 Be7 18. Nxd6 Bxd6 19. c5 Nd4 20. Bxd4 Bxe4 21. Bxe4 exd4 22. Rxd4 Rc8 23. Rxd6 Qe7 24. Bxh7+ Kh8 25. Rd5 b6 26. Rh5 Rc6 27. Bg6+ Kg8 28. Qc4+ Qe6 29. Rh8+ 1-0

[Event "Slovakian ECo-C Extraliga 2024-25"]
[Site "Slovakia"]
[Date "2025.02.16"]
[Round "6"]
[White "Striskova, Lucia"]
[Black "Sedlacek, Pavol"]
[Result "1/2-1/2"]
[Annotator "ChessBase"]
[ECO "B15"]
[WhiteElo "2076"]
[BlackElo "2183"]
[PlyCount "62"]
[EventDate "2024.09.12"]
[EventType "team-tourn"]
[EventCountry "SVK"]
[SourceTitle "playchess.com"]
[Source "ChessBase"]
[SourceQuality "1"]
[TimeControl "5400+30"]

1. e4 c6 2. d4 d5 3. Nc3 dxe4 4. Nxe4 g6 5. Bc4 Bg7 6. c3 Nf6 7. Nxf6+ exf6 8. Ne2 O-O 9. O-O a5 10. Be3 Na6 11. Bd3 Nc7 12. c4 Re8 13. Qc2 Bg4 14. h3 Bxe2 15. Bxe2 f5 16. Rad1 Qd6 17. Qc1 Rad8 18. Bf3 Qb4 19. d5 cxd5 20. cxd5 Na6 21. b3 Rc8 22. Qb1 Nc5 23. Bxc5 Rxc5 24. Rfe1 Rd8 25. Rc1 Bf8 26. Rxc5 Bxc5 27. Re2 Bd6 28. Qc1 Qd4 29. Qd2 Rc8 30. g3 Qc5 31. Kg2 Qc7 1/2-1/2

[Event "Slovakian ECo-C Extraliga 2024-25"]
[Site "Slovakia"]
[Date "2025.02.16"]
[Round "6"]
[White "Durana, Jonas"]
[Black "Straka, Jozef"]
[Result "1/2-1/2"]
[Annotator "ChessBase"]
[ECO "C50"]
[WhiteElo "2006"]
[BlackElo "2279"]
[PlyCount "105"]
[EventDate "2024.09.12"]
[EventType "team-tourn"]
[EventCountry "SVK"]
[SourceTitle "playchess.com"]
[Source "ChessBase"]
[SourceQuality "1"]
[TimeControl "5400+30"]

1. e4 e5 2. Nf3 Nc6 3. Bc4 Bc5 4. d3 Nf6 5. Nc3 h6 6. a3 a6 7. Be3 Bxe3 8. fxe3 d6 9. O-O O-O 10. d4 Bg4 11. Qd3 Qb8 12. Kh1 Qa7 13. Rad1 Rae8 14. Bd5 Nxd5 15. Nxd5 Qb8 16. h3 Bh5 17. g4 Bg6 18. Nh4 Bh7 19. Nf5 Kh8 20. c4 Nd8 21. Nc3 f6 22. Rd2 Nf7 23. Rdf2 c6 24. d5 c5 25. Qe2 Qc7 26. h4 Qd7 27. Rf3 g6 28. Ng3 Qxg4 29. Qh2 g5 30. h5 Qd7 31. Rxf6 Qe7 32. Qf2 Kg8 33. Re6 Qd7 34. Qf6 Qd8 35. Rxe8 Qxe8 36. Kg2 Qd8 37. Qe6 Kg7 38. Nf5+ Bxf5 39. exf5 Nh8 40. Ne4 Qe8 41. f6+ Kh7 42. Qf5+ Kg8 43. Nxd6 Qxh5 44. Qxe5 Ng6 45. f7+ Kh7 46. Qf5 Qe2+ 47. Rf2 Qxe3 48. Ne8 Qd4 49. Nf6+ Kg7 50. Nh5+ Kh7 51. Nf6+ Kg7 52. Ne8+ Kh7 53. Nf6+ 1/2-1/2

[Event "Slovakian ECo-C Extraliga 2024-25"]
[Site "Slovakia"]
[Date "2025.02.16"]
[Round "6"]
[White "Adamcik, Robert"]
[Black "Benci, Jozef"]
[Result "1/2-1/2"]
[Annotator "NA"]
[ECO "D43"]
[WhiteElo "1932"]
[BlackElo "1947"]
[PlyCount "35"]
[EventDate "2024.09.12"]
[EventType "team-tourn"]
[EventCountry "SVK"]
[SourceTitle "playchess.com"]
[Source "ChessBase"]
[SourceQuality "1"]
[TimeControl "5400+30"]

1. d4 Nf6 2. Nf3 d5 3. c4 e6 4. Nc3 c6 5. cxd5 exd5 6. Qc2 Be7 7. Bg5 O-O 8. e3 Nbd7 9. Bd3 Re8 10. O-O h6 11. Bf4 a6 12. a3 c5 13. Ne5 Nxe5 14. Bxe5 b6 15. Rad1 c4 16. Bf5 Bb7 17. Qe2 b5 18. Qf3 1/2-1/2

[Event "Slovakian ECo-C Extraliga 2024-25"]
[Site "Slovakia"]
[Date "2025.02.16"]
[Round "6.1"]
[White "Korobov, Anton"]
[Black "Babula, Vlastimil"]
[Result "1-0"]
[Annotator "TA"]
[ECO "B32"]
[WhiteElo "2627"]
[BlackElo "2497"]
[PlyCount "101"]
[EventDate "2024.09.12"]
[EventType "team-tourn"]
[EventCountry "SVK"]
[SourceTitle "playchess.com"]
[Source "ChessBase"]
[SourceQuality "1"]
[TimeControl "5400+30"]

1. e4 c5 2. Nf3 Nc6 3. d4 cxd4 4. Nxd4 e5 5. Nb5 d6 6. c4 g6 {[%emt 0:00:35] is currently scoring better than 6...Be7. B32: Sicilian: Löwenthal and Kalashnikov Variations.} 7. Be2 a6 8. N5c3 Nf6 {[%emt 0:00:51] White has an edge.} 9. O-O Bg7 10. Be3 O-O 11. Nd2 Be6 12. Nb3 $5 $146 {[%emt 0:11:33][%mdl 8] New and interesting.} (12. b4 Rc8 13. Nd5 Nd7 14. Rb1 f5 15. f3 Nd4 16. Nb3 Nxe2+ 17. Qxe2 fxe4 18. fxe4 Rxf1+ 19. Qxf1 Bxd5 20. exd5 {0-1 Thibault,P (2049)-Tirard,H (2452) Sables d'Olonne op 3rd 2016 (1)}) 12... Rc8 13. Rc1 Ne7 14. Nd2 Nc6 15. Nf3 {[%emt 0:03:29] Prevents Nd4.} h6 16. h3 Ne7 17. Qa4 Nd7 18. Qa3 {[%emt 0:05:46] White is much more active.} Bxc4 19. Bxc4 ({Much less strong is} 19. Qxd6 Bxe2 20. Nxe2 Rxc1 21. Rxc1 Nc6 $14) 19... Rxc4 20. Qxd6 Nb8 (20... Nf6 $142 21. Qxd8 (21. Qxe5 Nxe4 22. Qh2 Nxc3 $17) 21... Rxd8) 21. Qxd8 $16 Rxd8 {[%emt 0:00:03] [#]} 22. Nd5 $1 Rxc1 23. Nxe7+ Kf8 {[%emt 0:00:03] aiming for ...Rxf1+.} 24. Nxg6+ ({Not} 24. Bxc1 Kxe7 25. b3 Nc6 $15) 24... fxg6 25. Rxc1 Nc6 26. Kf1 Kf7 27. Ke2 Ke6 28. Rd1 Rxd1 29. Kxd1 {[%emt 0:00:03][%mdl 4096] Endgame KBN-KBN. White is a pawn up.} b5 30. Ne1 a5 (30... Nb4 $16 31. a3 Nc6) 31. Nd3 Bf8 32. Kc2 h5 33. b3 Nb4+ $2 {[%emt 0:01:21][%mdl 8192] Black cannot hold the game after this.} (33... Ba3 $16 34. f3 Kf6) 34. Nxb4 $18 axb4 {[%emt 0:00:03] KB-KB. White is a pawn up.} 35. f4 Be7 36. fxe5 (36. Kd3 exf4 37. Bxf4 g5 $18) 36... Kxe5 37. Kd3 g5 38. g4 {[%emt 0:01:33] White is clearly winning.} hxg4 (38... h4 $142 39. Bd2 Ke6) 39. hxg4 Bd8 40. Bc1 Be7 41. Ke3 Bc5+ 42. Kf3 Be7 43. Bb2+ Ke6 44. Ke3 Bc5+ 45. Kd3 Be7 46. Bg7 {[%emt 0:01:04] [#] e5 is the strong threat.} Bc5 47. e5 Kd5 48. Bf6 Bf8 49. Bxg5 Kxe5 50. Bd2 Bc5 51. g5 {[%emt 0:00:00] Weighted Error Value: White=0.39/Black=0.77  Loses game:     	---       	Black=1      Mistake:       	---       	Black=3      Inaccurate:     	White=2     	Black=3      OK:         	White=18    	Black=6      Best:        	White=4     	Black=2      Brilliant:      	White=1     	---} 1-0

[Event "Slovakian ECo-C Extraliga 2024-25"]
[Site "Slovakia"]
[Date "2025.02.16"]
[Round "6.1"]
[White "Ftacnik, Lubomir"]
[Black "Antoniewski, Rafal"]
[Result "1-0"]
[Annotator "ChessBase"]
[ECO "A05"]
[WhiteElo "2438"]
[BlackElo "2444"]
[PlyCount "105"]
[EventDate "2024.09.12"]
[EventType "team-tourn"]
[EventCountry "SVK"]
[SourceTitle "playchess.com"]
[Source "ChessBase"]
[SourceQuality "1"]
[TimeControl "5400+30"]

1. Nf3 Nf6 2. c4 b6 3. g3 Bb7 4. Bg2 g6 5. d4 Bg7 6. O-O O-O 7. d5 Ne4 8. Qc2 f5 9. Ng5 Nd6 10. Nc3 Na6 11. e4 Nxc4 12. Qe2 Nd6 13. e5 Nf7 14. Rd1 Qc8 15. Nxf7 Rxf7 16. Bg5 h6 17. e6 hxg5 18. exf7+ Kxf7 19. Rac1 Bf6 20. Nb5 c5 21. dxc6 dxc6 22. Qc4+ Kg7 23. Nd4 Nc5 24. b4 Ba6 25. Qc3 Ne4 26. Qxc6 Qxc6 27. Rxc6 Kf7 28. Rcc1 Rd8 29. Nc6 Rxd1+ 30. Rxd1 Nc3 31. Rd7 Bc4 32. a3 a6 33. Rb7 Nb1 34. Rxb6 Nxa3 35. Bf1 Bb5 36. Bxb5 axb5 37. Kf1 g4 38. Ke2 Ke6 39. Na7+ Kd5 40. Nxb5 Nc2 41. Nc7+ Kc4 42. Rc6+ Kb3 43. b5 Be5 44. Rxc2 Kxc2 45. b6 Kb3 46. Na6 Kc4 47. b7 Kd5 48. b8=Q Bxb8 49. Nxb8 Ke4 50. Nd7 g5 51. Nf8 f4 52. Ne6 Kf5 53. Nc5 1-0

[Event "Slovakian ECo-C Extraliga 2024-25"]
[Site "Slovakia"]
[Date "2025.02.16"]
[Round "6.1"]
[White "Cernousek, Lukas"]
[Black "Mihok, Oliver"]
[Result "0-1"]
[Annotator "ChessBase"]
[ECO "E68"]
[WhiteElo "2425"]
[BlackElo "2526"]
[PlyCount "108"]
[EventDate "2024.09.12"]
[EventType "team-tourn"]
[EventCountry "SVK"]
[SourceTitle "playchess.com"]
[Source "ChessBase"]
[SourceQuality "1"]
[TimeControl "5400+30"]

1. d4 Nf6 2. c4 d6 3. Nf3 g6 4. g3 Bg7 5. Bg2 O-O 6. Nc3 Nbd7 7. O-O e5 8. e4 exd4 9. Nxd4 Re8 10. h3 Nc5 11. Re1 a6 12. Qc2 Ne6 13. Be3 Ng4 14. hxg4 Nxd4 15. Qd1 c5 16. g5 Be6 17. Nd5 b5 18. Nf6+ Bxf6 19. gxf6 Qxf6 20. Bxd4 Qxd4 21. Qxd4 cxd4 22. cxb5 axb5 23. Red1 Ra4 24. b3 Ra3 25. Bf1 Rb8 26. Rxd4 Bxb3 27. Rb1 Bc2 28. Rb2 Ra4 29. Rxd6 Bxe4 30. Bxb5 Ra3 31. Rd4 Bf3 32. Rc4 Rd3 33. g4 Rd5 34. a4 h5 35. Rcb4 hxg4 36. Bf1 Rxb4 37. Rxb4 Rd1 38. Rb2 Ra1 39. a5 Rxa5 40. Bg2 Ra1+ 41. Kh2 Bxg2 42. Kxg2 Kg7 43. Rb7 Ra3 44. Rc7 Rf3 45. Ra7 Kh6 46. Ra5 f5 47. Rb5 Ra3 48. Rb4 Kg5 49. Rb5 Kh6 50. Rb4 g5 51. Rb2 f4 52. Rc2 Kh5 53. Rb2 g3 54. f3 g4 0-1